 Dungeon Sprint DCSS version 0.27.1-15-g792fb953b9 (webtiles) character file.

Game seed: 7133203768779323975

138 boopmooplesden the Fighter (level 8, -2/57 HPs)
             Began as a Gargoyle Fighter on Nov 21, 2021.
             Was a Believer of Okawaru.
             Slain by a sixfirhy (6 damage)
             ... in the Dungeon (Sprint VI: "Thunderdome").
             The game lasted 00:02:38 (409 turns).

boopmooplesden the Fighter (Gargoyle Fighter)        Turns: 409, Time: 00:02:38

Health: -2/57      AC: -2    Str: 29    XL:     8   Next: 54%
Magic:  8/9        EV: 12    Int: 11    God:    Okawaru [**....]
Gold:   157        SH: 13    Dex: 16    Spells: 7/7 levels left

rFire    . . .     SeeInvis .   a - +0 war axe
rCold    . . .     Faith    .   c - +0 kite shield
rNeg     + + .     Spirit   .   b - +0 scale mail
rPois    ∞         Reflect  .   (no helmet)
rElec    +         Harm     .   t - +0 cloak
rCorr    .         Rampage  .   s - +0 pair of gloves
Will     .....     NoTele   +   (no boots)
Stlth    ..........             o - amulet "Zeureij" {rPois rF- Regen+ Str+8}
HPRegen  1.19/turn              q - ring of Uvamis {+Blink rF+ rN+ AC+4 Int+2}
MPRegen  0.11/turn              p - ring "Sovu" {*Slow rPois Dex+6 Slay+2}

@: corroded
A: sickness immunity, AC +5, negative energy resistance 1, electricity
resistance, torment resistance 1, petrification resistance
a: Renounce Religion, Evoke Blink, Heroism


You were in the Dungeon.
You worshipped Okawaru.
Okawaru was pleased with you.
You visited 1 branch You collected 400 gold pieces.
You spent 243 gold pieces at shops.

Inventory:

Hand Weapons
 a - a +0 war axe (weapon)
Armour
 b - a +0 scale mail (worn)
 c - a +0 kite shield (worn)
 s - a +0 pair of gloves (worn)
 t - a +0 cloak (worn)
 u - +0 steam dragon scales
Jewellery
 o - the amulet "Zeureij" (around neck) {rPois rF- Regen+ Str+8}
   (You bought it in a shop in the Dungeon)

   [amulet of regeneration]

   Str:       It affects your strength (+8).
   rF:        It makes you vulnerable to fire.
   rPois:     It protects you from poison.
   Regen:     It increases your rate of health regeneration.
 p - the ring "Sovu" (right hand) {*Slow rPois Dex+6 Slay+2}
   (You bought it in a shop in the Dungeon)

   [ring of dexterity]

   Dex:       It affects your dexterity (+6).
   Slay:      It affects your accuracy & damage with ranged weapons and melee
   (+2).
   rPois:     It protects you from poison.
   *Slow:     It may slow you when you take damage.
 q - the ring of Uvamis (left hand) {+Blink rF+ rN+ AC+4 Int+2}
   (You bought it in a shop in the Dungeon)

   [ring of protection]

   AC:        It affects your AC (+4).
   Int:       It affects your intelligence (+2).
   rF:        It protects you from fire.
   rN:        It protects you from negative energy.
   +Blink:    It lets you blink.
Wands
 l - a wand of acid (5)
 m - a wand of iceblast (5)
Scrolls
 j - 4 scrolls of blinking
 n - 3 scrolls of fog
Potions
 d - a potion of might
 e - a potion of curing
 f - 3 potions of heal wounds
 g - 4 potions of haste
 h - 2 potions of magic
 i - a potion of berserk rage
 k - 2 potions of resistance
 r - 2 potions of brilliance {unknown}


   Skills:
 + Level 9.7 Fighting
 + Level 9.4 Axes
 + Level 9.5 Armour
 + Level 4.9 Dodging
 + Level 9.5 Shields
 + Level 1.4 Invocations


You had 7 spell levels left.
You didn't know any spells.
Your spell library was empty.

Dungeon Overview and Level Annotations

Branches:
Dungeon (1/1)

Altars:
Cheibriados
Dithmenos
Fedhas
Gozag
Kikubaaqudgha
Makhleb
Okawaru
Qazlal
Ru
Sif Muna
Trog
Uskayaw
Vehumet
Wu Jian
Xom
Yredelemnul
Zin
The Shining One
Beogh
Jiyva
Lugonu

Shops:
D *[??*?*:[((!!!!


Innate Abilities, Weirdness & Mutations

You are immune to sickness and miasma.
Your stone body is resilient. (AC +5)
You are immune to poison.
You resist negative energy. (rN+)
You are resistant to electric shocks. (rElec)
You are resistant to unholy torment.
You are immune to petrification.


Message History

You hit the rust devil but do no damage.
The rust devil is almost dead.
The rust devil barely misses you. The rust devil hits you!
The rust devil corrodes you!
You hit the rust devil.
The rust devil is almost dead.
The rust devil hits you! The rust devil corrodes you!
You barely miss the rust devil.
The rust devil is almost dead.
The rust devil closely misses you.
You hit the rust devil.
You kill the rust devil!
Okawaru is honoured by your kill. The hellwing hits you!
The hellwing closely misses you.
Your Axes skill increases to level 9!
You hit the hellwing but do no damage. You block the hellwing's attack.
The hellwing hits you.
A sixfirhy comes into view.
You hit the hellwing but do no damage. You block the sixfirhy's attack.
You block the hellwing's attack. The hellwing barely misses you.
You hit the hellwing.
The hellwing is lightly wounded.
You hit the sixfirhy but do no damage. You block the hellwing's attack.
The hellwing hits you.
You hit the hellwing but do no damage.
The hellwing is lightly wounded.
You hit the sixfirhy but do no damage. The hellwing barely misses you.
The hellwing hits you! The sixfirhy closely misses you. The sixfirhy hits you.
The sixfirhy shocks you. You resist. You block the sixfirhy's attack.
You hit the sixfirhy but do no damage. The sixfirhy hits you.
* * * LOW HITPOINT WARNING * * *
The sixfirhy shocks you. You resist.
* * * LOW HITPOINT WARNING * * *
The sixfirhy hits you.
* * * LOW HITPOINT WARNING * * *
The sixfirhy shocks you. You resist.
* * * LOW HITPOINT WARNING * * *
You block the sixfirhy's attack. The sixfirhy hits you.
You die...

###.........### #⌠...........⌠#
######.8....[....8.######
##.___......###......_._∩##
###∩........8.# #.8........∩##
##.............###.............
#⌠..........###..[###..........
#⌠..........# #.<.# #..........
#⌠..........###@.(###..........
##..........[43###...†.........
###∩........8.# #.8........∩##
##∩___......###......___∩##
######.8.........8.######
#⌠...........⌠# ###.........###
#_......._# #_........#


You could see a hellwing and a sixfirhy.

Vanquished Creatures
  A rust devil (D)
  An air elemental (D)
  4 steam dragons (D)
  A sky beast (D)
  A black bear (D)
  A hound (D)
  Jessica (D)
  Terence (D)
  An adder zombie (D)
  A dart slug (D)
  2 giant cockroaches (D)
  2 kobolds (D)
  A quokka skeleton (D)
18 creatures vanquished.

Notes
Turn   | Place    | Note
-------+----------+-------------------------------------------
     0 | D        | boopmooplesden the Gargoyle Fighter began the quest for the
                  | Orb.
     0 | D        | Reached XP level 1. HP: 14/14 MP: 1/1
     0 | D        | Found a shimmering blue altar of Sif Muna.
     0 | D        | Found an opulent altar of Gozag.
     3 | D        | Found a bloodstained altar of Trog.
     3 | D        | Found a snail-covered altar of Cheibriados.
     4 | D        | Found a basalt altar of Yredelemnul.
     5 | D        | Found a glowing golden altar of the Shining One.
     5 | D        | Found a stormy altar of Qazlal.
     5 | D        | Round 1.
     6 | D        | Found Zoen's Do-It-Yourself Clinic.
     6 | D        | Found a burning altar of Makhleb.
     6 | D        | Found Zyumer's Distillery.
     7 | D        | Found Anekaer's Bottled Wisdom.
     7 | D        | Found Rieseno's Distillery.
    10 | D        | Found a blossoming altar of Fedhas.
    11 | D        | Found a corrupted altar of Lugonu.
    13 | D        | Found Kucukk's Staff Store.
    14 | D        | Found a shimmering altar of Xom.
    14 | D        | Found a shadowy altar of Dithmenos.
    14 | D        | Found a radiant altar of Vehumet.
    14 | D        | Found Qiobuoca's Magic Scroll Shop.
    14 | D        | Found Mimodoydev's Must-Have Magic.
    14 | D        | Found Jawnuj's Magic Scroll Shop.
    21 | D        | Found a glowing silver altar of Zin.
    24 | D        | Found an ornate altar of the Wu Jian Council.
    26 | D        | Found Ugropaet's Jewellery.
    26 | D        | Found Looxt's Advanced Armour.
    27 | D        | Found an iron altar of Okawaru.
    27 | D        | Found an ancient bone altar of Kikubaaqudgha.
    27 | D        | Found San Taf's Identification Station.
    32 | D        | Found a sacrificial altar of Ru.
    33 | D        | Found a viscous altar of Jiyva.
    34 | D        | Found Donastum's Premium Goods.
    35 | D        | Found a hide-covered altar of Uskayaw.
    35 | D        | Found Kies's Weapon Rack.
    35 | D        | Found Ugra's Miscellaneous Merchandise.
    35 | D        | Found Melloop's Basic Armour.
    48 | D        | Became a worshipper of Warmaster Okawaru
    57 | D        | Bought an ancient ivory amulet for 45 gold pieces
    57 | D        | Identified the amulet "Zeureij" {rPois rF- Regen+ Str+8}
                  | (You bought it in a shop in the Dungeon)
    57 | D        | Bought a sparkling lead ring for 45 gold pieces
    57 | D        | Identified the ring "Sovu" {*Slow rPois Dex+6 Slay+2} (You
                  | bought it in a shop in the Dungeon)
    57 | D        | Bought a scintillating bone ring for 45 gold pieces
    57 | D        | Identified the ring of Uvamis {+Blink rF+ rN+ AC+4 Int+2}
                  | (You bought it in a shop in the Dungeon)
    86 | D        | Noticed Jessica
   109 | D        | Killed Jessica
   109 | D        | Arena points: 12 (+12) [x2]
   110 | D        | Reached skill level 5 in Shields
   110 | D        | Reached XP level 2. HP: 19/20 MP: 2/2
   110 | D        | Reached XP level 3. HP: 23/25 MP: 3/3
   150 | D        | Round 2.
   150 | D        | Noticed a black bear
   160 | D        | Noticed Terence
   161 | D        | Killed a black bear
   162 | D        | Reached skill level 1 in Dodging
   162 | D        | Reached XP level 4. HP: 30/32 MP: 4/4
   162 | D        | Reached XP level 5. HP: 34/36 MP: 5/5
   183 | D        | Killed Terence
   183 | D        | Reached * piety under Okawaru
   185 | D        | Arena points: 54 (+42) [x3]
   201 | D        | Bought a +0 pair of gloves for 54 gold pieces
   201 | D        | Bought a +0 cloak for 54 gold pieces
   211 | D        | Round 3.
   211 | D        | Noticed a steam dragon
   217 | D        | Killed a steam dragon
   218 | D        | Reached skill level 5 in Axes
   218 | D        | Reached XP level 6. HP: 41/44 MP: 3/6
   253 | D        | Noticed a steam dragon
   261 | D        | Killed a steam dragon
   292 | D        | Noticed an air elemental
   300 | D        | Paralysed by an air elemental for 1 turns
   301 | D        | Killed an air elemental
   301 | D        | Reached ** piety under Okawaru
   302 | D        | Reached XP level 7. HP: 42/50 MP: 4/7
   312 | D        | Noticed a steam dragon
   320 | D        | Killed a steam dragon
   328 | D        | Reached skill level 1 in Invocations
   329 | D        | Noticed a steam dragon
   339 | D        | Killed a steam dragon
   339 | D        | Arena points: 138 (+84) [x4]
   340 | D        | Reached XP level 8. HP: 40/56 MP: 8/8
   375 | D        | Round 4.
   385 | D        | Noticed a rust devil
   392 | D        | Noticed a hellwing
   403 | D        | Killed a rust devil
   404 | D        | Noticed a sixfirhy
   409 | D        | Slain by a sixfirhy

Illustrated notes

Levels and vault maps discovered:
D:        arena_sprint

Skill      XL: |  1  2  3  4  5  6  7  8 |
---------------+-------------------------+-----
Fighting       | 4 6 7 8 9 |  9.7
Axes           | 2 3 5 7 8 9 |  9.4
Shields        | 5 6 7 8 9 |  9.5
Armour         | 4 6 7 8 9 |  9.5
Dodging        | 1 2 3 4 |  4.9
Invocations    | 1 |  1.4

Action                   |  1- 3 |  4- 6 |  7- 9 || total
-------------------------+-------+-------+-------++-------
Melee: War axe           |    19 |    34 |    38 ||    91
Invok: Heroism           |       |     2 |       ||     2
  Use: Potion            |       |     1 |       ||     1
Armor: Scale mail        |    20 |    19 |    14 ||    53
Dodge: Dodged            |     7 |    13 |    15 ||    35
Block: Kite shield       |    16 |    25 |    22 ||    63
